 Dungeon Crawl Stone Soup version 0.23-a0-819-g6debee6 (console) character file.

492 bli the Slasher (level 6, -3/47 HPs)
             Began as a Demonspawn Monk on Jan 22, 2019.
             Killed by divine providence
             ... invoked by an orc priest
              (9 damage)
             ... on level 5 of the Dungeon.
             The game lasted 00:15:31 (4105 turns).

bli the Slasher (Demonspawn Monk)                   Turns: 4105, Time: 00:15:32

Health: -3/47      AC:  5    Str: 12    XL:     6   Next: 91%
Magic:  6/6        EV: 12    Int: 11    God:
Gold:   292        SH:  4    Dex: 17    Spells: 5/5 levels left

rFire    . . .     SeeInvis .   a - +0 falchion
rCold    + . .     Gourm    .   u - +0 buckler
rNeg     . . .     Faith    .   s - +0 leather armour
rPois    +         Spirit   .   (no helmet)
rElec    .         Reflect  .   k - scarf {repulsion}
rCorr    .         Harm     .   (no gloves)
MR       .....                  (no boots)
Stlth    ++........             (no amulet)
HPRegen  0.15/turn              d - ring of protection from cold
MPRegen  0.10/turn              C - ring of poison resistance

@: repel missiles
A: hooves 1, molten scales 1, powered by death 1, rot immunity
a: no special abilities


You were on level 5 of the Dungeon.
You were hungry.

You visited 1 branch of the dungeon, and saw 5 of its levels.

You collected 292 gold pieces.

Inventory:

Hand Weapons
 a - a +0 falchion (weapon)
 x - a +0 hunting sling
Missiles
 f - 10 sling bullets
 q - 125 stones (quivered)
 B - 16 poisoned needles
Armour
 b - a +0 robe
 i - a scarf of spirit shield
 k - a scarf of repulsion (worn)
 m - a +0 ring mail
 o - a +0 plate armour
 p - a cursed -2 ring mail
 s - a +0 leather armour (worn)
 u - a +0 buckler (worn)
 v - a +0 large shield
Jewellery
 d - a ring of protection from cold (left hand)
 C - a ring of poison resistance (right hand)
 D - a +2 ring of strength {unknown}
Scrolls
 e - 2 scrolls of amnesia {unknown}
 g - 10 scrolls of identify {unknown}
 j - 2 scrolls of teleportation {unknown}
 n - a scroll of fear {unknown}
 r - 2 scrolls of fog {unknown}
 y - 2 scrolls of enchant armour {unknown}
 A - 2 scrolls of remove curse {unknown}
Potions
 h - 4 potions of curing {unknown}
 l - 3 potions of heal wounds {unknown}
 t - a potion of might {unknown}
 w - a potion of cancellation {unknown}
 z - a potion of agility {unknown}
Comestibles
 c - 8 rations


   Skills:
 * Level 3.5 Fighting
 + Level 6.2 Long Blades
 + Level 2.0 Armour
 + Level 3.3 Dodging
 - Level 1.7 Stealth
 * Level 0.1 Shields


You had 5 spell levels left.
You didn't know any spells.
Your spell library contained the following spells:

 Spells                   Type           Power        Failure   Level  Hunger
 Summon Lightning Spire   Summ/Air       #.......     100%        4    #####..
 Silence                  Hex/Air        #.........   100%        5    ######.
 Conjure Ball Lightning   Conj/Air       #.........   100%        6    #######
 Deflect Missiles         Chrm/Air       #.........   100%        6    #######
 Tornado                  Air            #.........   100%        9    #######


Dungeon Overview and Level Annotations

Branches:
Dungeon (5/15)
 Temple: D:4-7

Altars:
Fedhas


Innate Abilities, Weirdness & Mutations

You have large cloven feet.
You are partially covered in molten scales. (AC +2)
You regenerate a little health from kills.
You are immune to rotting.


Message History

You hit the orc priest but do no damage.
The orc priest is moderately wounded.
The orc barely misses you.
You riposte.
You hit the orc.
You kill the orc!
You block the orc priest's attack.
You hit the orc priest but do no damage.
The orc priest is moderately wounded.
The orc priest mumbles some strange prayers to Beogh against you.
Beogh smites you!
You hit the orc priest but do no damage.
Your kick misses the orc priest.
The orc priest is moderately wounded.
The orc priest invokes the aid of Beogh against you.
Pain shoots through your body!
* * * LOW HITPOINT WARNING * * *
You closely miss the orc priest.
The orc priest is moderately wounded.
The orc priest mumbles some strange prayers to Beogh against you.
Beogh smites you!
You die...

###<##.......
#...........# #.#....####.
#.####....# #.# #.##.# #.#
#.##.# #.# #.##.# #.#
#.##.# #.# #.##.#
.#######.# #.##.#
.....oo@)# #.##.#
#############.##.#
...........# ######.####
##########.####.#
#...............#
#######.########.#######.#
............>.............
######..###..####.########
#.......# #..####.##
#.......# #........#


You could see an orc priest and an orc.

Vanquished Creatures
  An ice beast (D:5)
  A centaur (D:5)
  A crimson imp (D:5)
  An orc priest (D:3)
  2 worker ants (D:4)
  2 howler monkey skeletons
  9 adders
  3 oozes
  An adder skeleton (D:5)
  A worm (D:2)
  3 dart slugs
  2 leopard geckos
  9 orcs
  8 bats
  3 giant cockroaches
  9 goblins
  10 hobgoblins
  4 jackals (D:3)
  6 kobolds
  7 frilled lizards
  8 rats
91 creatures vanquished.

Notes
Turn   | Place    | Note
-------+----------+-------------------------------------------
     0 | D:1      | bli the Demonspawn Monk began the quest for the Orb.
     0 | D:1      | Reached XP level 1. HP: 18/18 MP: 1/1
    15 | D:1      | Reached skill level 3 in Long Blades
   352 | D:1      | Gained mutation: You have large cloven feet. [demonic
                  | ancestry]
   352 | D:1      | Reached XP level 2. HP: 23/24 MP: 2/2
   997 | D:2      | Gained mutation: You are partially covered in molten
                  | scales. (AC +2) [demonic ancestry]
   997 | D:2      | Reached XP level 3. HP: 15/29 MP: 3/3
  1224 | D:2      | Reached skill level 4 in Long Blades
  1540 | D:2      | Gained mutation: You regenerate a little health from kills.
                  | [demonic ancestry]
  1540 | D:2      | Reached XP level 4. HP: 30/35 MP: 4/4
  2112 | D:3      | Reached skill level 5 in Long Blades
  2391 | D:3      | Gained mutation: You are immune to rotting. [demonic
                  | ancestry]
  2391 | D:3      | Reached XP level 5. HP: 39/41 MP: 5/5
  2798 | D:3      | You fall through a shaft!
  3238 | D:4      | Reached skill level 1 in Armour
  3238 | D:4      | Reached XP level 6. HP: 36/47 MP: 6/6
  3522 | D:5      | Entered Level 5 of the Dungeon
  3524 | D:5      | Found a blossoming altar of Fedhas.
  3530 | D:5      | Noticed an ice beast
  3752 | D:5      | Killed an ice beast
  3752 | D:5      | Reached skill level 6 in Long Blades
  4105 | D:5      | Killed from afar by an orc priest

Vault maps used:
D:1:      saegor_arrival_simple_c, minmay_vboxes
D:2:      cheibrodos_helix_gallery
D:3:      cheibrodos_pilgrimage, minmay_misc_feat_nine_boxes
D:4:      minivault_11
D:5:      first_ration, fedhas_bush_and_centaur_altar

Skill      XL: |  1  2  3  4  5  6 |
---------------+-------------------+-----
Long Blades    | 3 4 5 6 |  6.2
Dodging        | 3 |  3.3
Armour         | 1 2 |  2.0
Fighting       | |  3.5
Stealth        | |  1.7
Shields        | |  0.1

Action                   |  1- 3 |  4- 6 || total
-------------------------+-------+-------++-------
Melee: Falchion          |    74 |   211 ||   285
       Kick              |    20 |    73 ||    93
Throw: Stone             |       |     3 ||     3
 Stab: Sleeping          |     3 |     3 ||     6
  Eat: Chunk             |     2 |     8 ||    10
Armor: Robe              |    19 |     2 ||    21
       Leather armour    |       |    59 ||    59
Dodge: Dodged            |    50 |   144 ||   194
       Deflected         |     1 |     9 ||    10
Block: Buckler           |       |     2 ||     2
       Rpst.: Falchion   |    17 |    52 ||    69

Table legend:
 A = Non-vault XP
 B = Vault XP
 C = Vault XP percentage of total XP
 D = Non-vault monster count
 E = Vault monster count
 F = Vault count percentage of total count
                 A         B        C        D         E       F
            +---------+---------+-------+---------+---------+-------
      Total |     519 |     184 |  26.2 |      76 |      15 |  16.5
            +---------+---------+-------+---------+---------+-------
        D:1 |      26 |      10 |  27.8 |      11 |       6 |  35.3
        D:2 |     128 |       3 |   2.3 |      31 |       2 |   6.1
        D:3 |      61 |      56 |  47.9 |      23 |       6 |  20.7
        D:4 |     110 |       0 |   0.0 |       6 |       0 |   0.0
        D:5 |     194 |     115 |  37.2 |       5 |       1 |  16.7
            +---------+---------+-------+---------+---------+-------
